 Dungeon Crawl Stone Soup version 0.28-a0-612-gcfc00ec14d (webtiles) character file.

Game seed: 3179209446405482590

47 kae the Insei (level 3, -2/29 HPs)
             Began as a Draconian Transmuter on Oct 5, 2021.
             Slain by a hobgoblin (3 damage)
             ... led by Robin
             ... on level 2 of the Dungeon.
             The game lasted 00:01:03 (1696 turns).

kae the Insei (Draconian Transmuter)                Turns: 1696, Time: 00:01:04

Health: -2/29      AC:  6    Str: 12    XL:     3   Next: 48%
Magic:  6/6        EV: 12    Int: 13    God:
Gold:   55         SH:  0    Dex: 12    Spells: 5/6 levels left

rFire   + . .      SeeInvis .     - Unarmed
rCold   . . .      Faith    .   (no shield)
rNeg    . . .      Spirit   .   (armour unavailable)
rPois   .          Reflect  .   (helmet currently unavailable)
rElec   .          Harm     .   b - +0 cloak
rCorr   .          Rampage  .   (no gloves)
Will    .....                   (boots currently unavailable)
Stlth   +.........              (no amulet)
HPRegen 0.09/turn               c - ring of protection from fire
MPRegen 0.10/turn               (no ring)

@: appendages (expiring), very slightly contaminated, invisible
A: horns 2, talons 2, AC +5, unfitting armour, cold-blooded
a: End Transformation


You were on level 2 of the Dungeon.
You had temporarily grown beastly horns and talons.
You visited 1 branch of the dungeon, and saw 2 of its levels.

You collected 55 gold pieces.

Inventory:

Armour
 b - a +0 cloak (worn)
Jewellery
 c - a ring of protection from fire (left hand)
Scrolls
 a - a scroll of identify
Potions
 e - 2 potions of invisibility
 g - 2 potions of haste {unknown}


   Skills:
 + Level 2.0 Fighting
 - Level 1.7 Dodging
 * Level 3.8 Unarmed Combat
 - Level 2.0 Spellcasting
 + Level 2.6 Transmutations


You had 5 spell levels left.
You knew the following spells:

 Your Spells              Type           Power      Damage    Failure   Level
a - Beastly Appendage     Tmut           16%        N/A       9%          1

Your spell library contained the following spells:

 Spells                   Type           Power      Damage    Failure   Level
 Wereblood                Tmut           8%         N/A       13%         2
 Spider Form              Tmut/Pois      2%         N/A       41%         3
 Ice Form                 Ice/Tmut       4%         N/A       83%         4
 Borgnjor's Revivificati  Necr           0%         N/A       100%        8
 Necromutation            Tmut/Necr      2%         N/A       100%        8
 Death's Door             Necr           0%         N/A       100%        9


Dungeon Overview and Level Annotations

Branches:
Dungeon (2/15)

Altars:
Okawaru

Annotations:
D:2 Robin


Innate Abilities, Weirdness & Mutations

You have temporarily grown beastly horns and talons.
Your plain brown scales are hard. (AC +5)
You cannot fit into any form of body armour.
You are cold-blooded and may be slowed by cold attacks.


Message History

The hobgoblin hits you but does no damage.
You hear a shout!
As you read the scroll labelled VIUQAO GUKKEY, it crumbles to dust.
You feel aware of your surroundings.
It was a scroll of magic mapping.
The goblin hits you but does no damage. The goblin barely misses you.
The goblin closely misses you. x2; The goblin barely misses you.
The hobgoblin hits you.
You fade into invisibility!
The goblin hits you with a +0 dagger. The goblin barely misses you. x3
The goblin closely misses you. The hobgoblin closely misses you.
You are very lightly contaminated with residual magic.
You catch the helpless goblin completely off-guard!
You hit the goblin. Your kick misses the goblin.
The goblin is heavily wounded.
The goblin misses you. The goblin hits you with a +0 club.
The goblin barely misses you. x2; The goblin misses you.
The hobgoblin closely misses you.
You closely miss the goblin. Your kick misses the goblin.
Your headbutt misses the goblin.
The goblin is heavily wounded.
The goblin hits you with a +0 dagger. The goblin misses you. x2
The goblin hits you with a +0 club. x2
* * * LOW HITPOINT WARNING * * *
The hobgoblin closely misses you.
You strike the helpless goblin from behind!
You hit the goblin.
You kill the goblin!
A goblin comes into view. It is wielding a +0 club.
The goblin hits you with a +0 club.
* * * LOW HITPOINT WARNING * * *
The goblin closely misses you. x3; The hobgoblin barely misses you.
You barely miss the goblin.
The goblin shouts!
Your kick misses the goblin.
You tail-slap the goblin, but do no damage.
The goblin misses you. The goblin hits you but does no damage.
The goblin closely misses you. The goblin hits you with a +0 club.
* * * LOW HITPOINT WARNING * * *
The goblin barely misses you. The hobgoblin hits you.
You die...

************ *,,,,,,,,,,*
*,,,,,,,,,,* *,,,,,,,,,,* ###
*,,,,,,,,,,* ##### #.#
*******,,..######g..########.#
*,,,,,,,,ggg.ggg@g....[.....)####
*,*****,*#.####ggg#..######......
*,* *,,**,** #.####.## #....####
*,* *,***,,* #.* #..###.##.###
*,****,* **,**#.* ##.##..##...#
*,**,,,* **,,,..* #..#.#####.#
*,**,*** *,,,*##* ##.#.# #.##
*,**,* *,*,,,,* #...# #.## *,**,*
*,***#,* ##..## #.##


You could see Robin, 3 hobgoblins and 7 goblins.

Vanquished Creatures
  An adder (D:2)
  2 dart slugs
  3 endoplasms
  3 giant cockroaches
  4 jackals (D:1)
  3 quokkas
  3 ball pythons
  2 bats (D:1)
  A frilled lizard (D:1)
  5 goblins
  2 kobolds (D:1)
  2 rats
31 creatures vanquished.

Vanquished Creatures (others)
  2 fungi (D:1)
2 creatures vanquished.

Grand Total: 33 creatures vanquished

Notes
Turn   | Place    | Note
-------+----------+-------------------------------------------
     0 | D:1      | kae the Draconian Transmuter began the quest for the Orb.
     0 | D:1      | Reached XP level 1. HP: 16/16 MP: 3/3
   309 | D:1      | Reached XP level 2. HP: 23/23 MP: 3/5
   659 | D:1      | You fall into a shaft and drop 1 floor!
   784 | D:1      | Reached XP level 3. HP: 29/29 MP: 6/6
  1201 | D:1      | Found a faded altar of an unknown god.
  1550 | D:2      | Found an iron altar of Okawaru.
  1684 | D:2      | Noticed Robin
  1696 | D:2      | HP: 1/29 [goblin[Robin] (1)]
  1696 | D:2      | Slain by a hobgoblin

Illustrated notes

Levels and vault maps discovered:
D:1:      amcnicky_arrival_blooded_trapdoor, layout_loops_ring,
          shapermc_ecumenical_altar_petra
D:2:      layout_rooms, basic_altar, uniq_robin

Skill      XL: |  1  2  3 |
---------------+----------+-----
Fighting       | 2 |  2.0
Dodging        | |  1.7
Unarmed Combat | |  3.8
Spellcasting   | |  2.0
Transmutations | |  2.6

Action                   || total
-------------------------++-------
Melee: Unarmed           ||   109
       Headbutt          ||     7
       Kick              ||    12
       Tailslap          ||     9
 Cast: Beastly Appendage ||    17
  Use: Scroll            ||     3
       Potion            ||     1
 Stab: Sleeping          ||     3
       Invisible         ||     2
Armor: Skin              ||    54
Dodge: Dodged            ||   102

Table legend: (Time is in decaauts)
 A = Elapsed time spent in this place.
 B = Non-inter-level travel time spent in this place.
 C = Inter-level travel time spent in this place.
 D = Time resting spent in this place.
 E = Time spent auto-exploring this place.
 F = Levels seen in this place.
 G = Mean time per level.
                   A        B        C        D        E       F      G
               +--------+--------+--------+--------+--------+-----+--------+
         Total |   1689 |   1605 |     84 |    106 |   1247 |   2 |  844.5 |
       Dungeon |   1689 |   1605 |     84 |    106 |   1247 |   2 |  844.5 |
               +--------+--------+--------+--------+--------+-----+--------+

Top non-repeatable levels by time:
     D:1: 1151 daAuts
     D:2: 538 daAuts
